 Dungeon Crawl Stone Soup version 0.29.1-1-gd02db6906a (webtiles) character file.

Game seed: 10814763265473571000

2486 raph the Grappler (level 9, -1/86 (93) HPs)
             Began as a Troll Berserker on Oct 19, 2022.
             Was a Priest of Trog.
             Slain by a wight
             ... wielding a +2 halberd of venom
              (5 damage)
             ... on level 7 of the Dungeon.
             The game lasted 00:08:48 (6413 turns).

raph the Grappler (Troll Berserker)                 Turns: 6413, Time: 00:08:49

HP:   -1/86 (93)    AC:  5    Str: 27    XL:     9   Next: 27%
MP:   8/8           EV: 11    Int:  3    God:    Trog [***...]
Gold: 388           SH:  0    Dex: 13    Spells: 8/8 levels left

rFire   . . .      SeeInvis .     - Unarmed
rCold   . . .      Faith    .   (no shield)
rNeg    . . .      Spirit   .   a - +0 animal skin
rPois   .          Reflect  .   (helmet restricted)
rElec   .          Harm     .   g - +0 cloak
rCorr   .          Rampage  .   (gloves unavailable)
Will    .....                   (boots unavailable)
Stlth   +.........              (no amulet)
HPRegen 1.04/turn               (no ring)
MPRegen 0.11/turn               (no ring)

@: lethally poisoned (-1 -> -15), on berserk cooldown, slowed, drained, very
slow
A: large, unfitting armour, claws 3, regeneration 1, shaggy fur 1, tough skin 1
a: Renounce Religion, Berserk, Trog's Hand


You were on level 7 of the Dungeon.
You worshipped Trog.
Trog was most pleased with you.
You visited 1 branch of the dungeon, and saw 7 of its levels.
You also visited: Sewer.

You collected 388 gold pieces.

Inventory:

Hand Weapons
 b - a +3 flail of protection
 o - a +0 giant spiked club
Missiles
 s - 19 poisoned darts (quivered)
 t - 3 boomerangs
Armour
 a - a +0 animal skin (worn)
 g - a +0 cloak (worn)
Jewellery
 l - an amulet of magic regeneration
Wands
 r - a wand of roots (14)
 u - a wand of mindburst (6)
Scrolls
 e - 2 scrolls of blinking
 h - a scroll of torment
 i - 4 scrolls of identify
 j - 2 scrolls of teleportation
 k - 2 scrolls of magic mapping
 q - a scroll of fear
Potions
 c - a potion of haste
 d - 2 potions of flight
 f - 3 potions of might
 m - a potion of mutation
 n - 3 potions of curing
 p - a potion of attraction


   Skills:
 * Level 7.1 Fighting
 + Level 5.2 Dodging
 * Level 8.5 Unarmed Combat


You had 8 spell levels left.
You didn't know any spells.
Your spell library was empty.

Dungeon Overview and Level Annotations

Branches:
Dungeon (7/15)             Temple (0/1) D:7           Sewer (visited)

Altars:
Dithmenos
Fedhas
Gozag
Hepliaklqana
Kikubaaqudgha
Sif Muna
Xom

Shops:
D:1 =


Innate Abilities, Weirdness & Mutations

You are too large for most types of armour.
You have claws for hands.
Your natural rate of healing is unusually fast.
You are covered in fur. (AC +1)
You have tough skin. (AC +1)


Message History

The wight hits you with a +2 halberd of venom.
You feel drained.
You are more poisoned.
The wight hits you with a +2 halberd of venom!
Items here: ))) [ †.
You barely miss the wight.
You feel very sick. The wight barely misses you.
You closely miss the wight.
Your skin stops crawling.
You feel less strong-willed.
You feel very sick. The wight hits you but does no damage.
You are more poisoned.
You closely miss the wight. Your claw misses the wight.
You feel very sick.
The wight hits you with a +2 halberd of venom!
You are more poisoned.
You claw the wight!
The wight is severely damaged.
You feel extremely sick.
The wight hits you with a +2 halberd of venom!
You are lethally poisoned!
You are too injured to fight recklessly!
You are too injured to fight recklessly!
You are too injured to fight recklessly!
You are too injured to fight recklessly!
You are too injured to fight recklessly!
You barely miss the wight. Your claw misses the wight.
The wight is severely damaged.
* * * LOW HITPOINT WARNING * * *
You feel extremely sick. The wight misses you. The wight completely misses you.
You barely miss the wight. You claw the wight.
The wight is almost destroyed.
* * * LOW HITPOINT WARNING * * *
You feel extremely sick.
The wight hits you with a +2 halberd of venom!
* * * LOW HITPOINT WARNING * * *
You feel drained.
You die...

#. #. #.####
#.... #
.#####...###.#
.............##
..[....z.......
#@# ##.#
#..######
####)........
#.))..#####..
#!#####..
#.'....._
#.#####.. ##
#.....#####..


You could see a wight.

Vanquished Creatures
  Maggie (D:7)
  A steam dragon (D:5)
  Edmund (D:4)
  A black bear (D:5)
  2 ogres
  A kobold brigand (D:7)
  Blork the orc (D:4)
  5 bullfrogs
  A scorpion (D:5)
  7 wights
  A howler monkey (D:7)
  2 jellies
  3 orc priests
  3 hounds
  3 iguanas
  7 orc wizards
  11 adders
  8 gnolls (D:6)
  A shadow imp (D:7)
  2 ufetubi (D:5)
  5 worms
  A dart slug (D:1)
  12 orcs
  4 bats
  7 endoplasms
  5 giant cockroaches
  6 goblins
  8 hobgoblins
  2 jackals (D:3)
  11 quokkas
  10 ball pythons
  17 frilled lizards
  9 kobolds
  5 rats
164 creatures vanquished.

Notes
Turn   | Place    | Note
-------+----------+-------------------------------------------
     0 | D:1      | raph the Troll Berserker began the quest for the Orb.
     0 | D:1      | Reached XP level 1. HP: 22/22 MP: 0/0
   165 | D:1      | Found a faded altar of an unknown god.
   231 | D:1      | Reached XP level 2. HP: 29/29 MP: 1/1
   422 | D:1      | Reached ** piety under Trog
   443 | D:1      | Reached XP level 3. HP: 36/36 MP: 2/2
   519 | D:1      | Found Juum Febraa's Jewellery Boutique.
   741 | D:2      | Found an ancient bone altar of Kikubaaqudgha.
  1334 | D:3      | Found a glowing drain.
  1354 | D:3      | Reached XP level 4. HP: 44/45 MP: 3/3
  1364 | Sewer    | Entered a sewer
  1498 | Sewer    | Reached skill level 4 in Unarmed Combat
  2049 | Sewer    | Reached *** piety under Trog
  2346 | Sewer    | Noticed a bullfrog
  2351 | Sewer    | Killed a bullfrog
  2352 | Sewer    | Reached XP level 5. HP: 53/53 MP: 4/4
  2716 | D:3      | Found a shimmering blue altar of Sif Muna.
  2854 | D:3      | Reached XP level 6. HP: 38/62 MP: 5/5
  2863 | D:3      | Reached skill level 5 in Unarmed Combat
  3251 | D:4      | Noticed Blork the orc
  3261 | D:4      | Killed Blork the orc
  3496 | D:4      | Reached XP level 7. HP: 71/71 MP: 6/6
  3842 | D:4      | Noticed Edmund
  3855 | D:4      | Killed Edmund
  3856 | D:4      | Reached skill level 6 in Unarmed Combat
  3882 | D:4      | Found a blossoming altar of Fedhas.
  3989 | D:4      | Reached skill level 5 in Fighting
  4000 | D:4      | Found an opulent altar of Gozag.
  4040 | D:4      | Identified the +0 buckler of Reepruz {Str+5}
  4266 | D:4      | You fall into a shaft and drop 1 floor!
  4266 | D:5      | Entered Level 5 of the Dungeon
  4396 | D:5      | Reached XP level 8. HP: 81/81 MP: 7/7
  5353 | D:6      | Reached skill level 7 in Unarmed Combat
  5738 | D:6      | Found a hazy altar of Hepliaklqana.
  5739 | D:6      | Found a shimmering altar of Xom.
  5740 | D:6      | Noticed a spectral ugly thing
  5740 | D:6      | Noticed a green ugly thing
  6282 | D:7      | Found a staircase to the Ecumenical Temple.
  6322 | D:7      | Reached skill level 8 in Unarmed Combat
  6325 | D:7      | Reached skill level 5 in Dodging
  6325 | D:7      | Reached XP level 9. HP: 92/92 MP: 8/8
  6378 | D:7      | Found a shadowy altar of Dithmenos.
  6381 | D:7      | Noticed Maggie
  6390 | D:7      | Killed Maggie
  6413 | D:7      | HP: 4/89 [wight/+2 halberd of venom (10)]
  6413 | D:7      | Slain by a wight

Illustrated notes

Levels and vault maps discovered:
D:1:      scummos_arrival_star, layout_basic, serial_shops, nicolae_shop_stone,
          chequers_ecumenical_altar_island
D:2:      layout_loops_ring, basic_altar
D:3:      layout_loops_ring, nicolae_sif_muna_condensation,
          portal_sewer_entry_f, bh_walls_and_bars
D:4:      layout_loops_ring, lemuel_crystal_altar,
          lemuel_coloured_pillars_altar, uniq_edmund, uniq_blork_the_orc
D:5:      layout_gridville
D:6:      layout_loops_ring, regret_index_temple_of_mockery
D:7:      layout_basic, mainiacjoe_overflow_surrounded_room,
          minmay_temple_entry_glassed_door, kennysheep_decorative_pillar,
          uniq_maggie

Skill      XL: |  1  2  3  4  5  6  7  8  9 |
---------------+----------------------------+-----
Fighting       | 3 4 5 6 7 |  7.1
Unarmed Combat | 4 5 6 8 |  8.5
Dodging        | 3 4 5 |  5.2

Action                   |  1- 3 |  4- 6 |  7- 9 || total
-------------------------+-------+-------+-------++-------
Melee: Unarmed           |   111 |   133 |   182 ||   426
       Punch             |     3 |     4 |     2 ||     9
Invok: Berserk           |     1 |     6 |     7 ||    14
       Trog's Hand       |       |       |     1 ||     1
  Use: Scroll            |     8 |     5 |     6 ||    19
 Stab: Sleeping          |       |       |     1 ||     1
Armor: Animal skin       |    40 |    55 |    37 ||   132
Dodge: Dodged            |    56 |    71 |    72 ||   199
